 Dungeon Crawl Stone Soup version 0.31.0-9-g3a7656b989 (webtiles) character file.

Game seed: 9004311159682472120

187275 Violux the Severer (level 17, -19/163 HPs)
             Began as a Minotaur Berserker on Jan 31, 2024.
             Was the Champion of Trog.
             Demolished by an azure jelly (30 damage)
             ... on level 3 of the Pits of Slime.
             The game lasted 02:51:38 (20813 turns).

Violux the Severer (Minotaur Berserker)            Turns: 20813, Time: 02:51:38

Health: -19/163    AC: 22    Str: 37    XL:     17   Next: 87%
Magic:  16/16      EV: 14    Int:  4    God:    Trog [******]
Gold:   361        SH:  0    Dex:  4    Spells: 16/16 levels left

rFire   + . .        f - +1 war axe (heavy)
rCold   . . .        i - +10 tower shield of Ignorance {rN+ Int-4}
rNeg    + . .        R - +5 plate armour {Will+}
rPois   +            m - +2 hat {Will+}
rElec   .            a - +1 cloak of Gluttony {rF+ Will- rCorr Dex+5}
rCorr   +            C - +2 pair of gloves
SInv    +            (no boots)
Will    ++...        j - amulet "Qigiul" {Acrobat ^Drain rCorr Dex-3 SInv} Stlth
                     S - +5 ring of evasion
HPRegen 0.00/turn    w - ring "Tomiuw" {rPois Str+6 Int+4 Dex-5 Slay+5}
MPRegen 0.15/turn

%: acrobat
@: confused, inhibited regen, corroded
A: horns 2, retaliatory headbutt, clumsy 1, deformed body, screaming 1,
inhibited regeneration, MP-powered wands, devolution 1
a: Renounce Religion, Berserk, Trog's Hand, Brothers in Arms


You were on level 3 of the Pits of Slime.
You worshipped Trog.
Trog was exalted by your worship.
You visited 4 branches of the dungeon, and saw 23 of its levels.

You collected 2101 gold pieces.
You spent 1740 gold pieces at shops.

Inventory:

Hand Weapons
 f - a +1 heavy war axe (weapon)
 l - a +2 war axe of flaming
 O - a +4 broad axe of electrocution
 X - a +1 great mace of freezing
Missiles
 d - 7 curare-tipped darts
 F - 5 javelins
 J - 19 poisoned darts
Armour
 a - the +1 cloak of Gluttony (worn) {rF+ Will- rCorr Dex+5}
   (You bought it in a shop on level 12 of the Dungeon)

   Dex+5:     It affects your dexterity (+5).
   rF+:       It protects you from fire.
   Will-:     It decreases your willpower.
   rCorr:     It protects you from acid and corrosion.
 i - the +10 tower shield of Ignorance (worn) {rN+ Int-4}
   (You found it on level 4 of the Lair of Beasts)

   Int-4:     It affects your intelligence (-4).
   rN+:       It protects you from negative energy.
 m - a +2 hat of willpower (worn)
 C - a +2 pair of gloves (worn)
 R - a +5 plate armour of willpower (worn)
Jewellery
 b - a ring of ice
 j - the amulet "Qigiul" (around neck) {Acrobat ^Drain rCorr Dex-3 SInv}
   (You found it on level 5 of the Lair of Beasts)

   [amulet of the acrobat]

   Acrobat:   It increases your evasion while moving and waiting.
   Dex-3:     It affects your dexterity (-3).
   SInv:      It lets you see invisible.
   rCorr:     It protects you from acid and corrosion.
   ^Drain:    It drains your maximum health when unequipped.
 o - a +4 ring of protection
 s - an amulet of regeneration
 w - the ring "Tomiuw" (right hand) {rPois Str+6 Int+4 Dex-5 Slay+5}
   (You found it on level 5 of the Dungeon)

   [ring of strength]

   Str+6:     It affects your strength (+6).
   Int+4:     It affects your intelligence (+4).
   Dex-5:     It affects your dexterity (-5).
   Slay+5:    It affects your accuracy & damage with ranged weapons and melee
   (+5).
   rPois:     It protects you from poison
 Q - a ring of fire
 S - a +5 ring of evasion (left hand)
Wands
 e - a wand of paralysis (13) (quivered)
 h - a wand of mindburst (5)
 r - a wand of flame (24)
 D - a wand of polymorph (13)
 M - a wand of digging (11)
 T - a wand of acid (12)
 V - a wand of iceblast (9)
Scrolls
 g - a scroll of fog
 n - 3 scrolls of teleportation
 B - 2 scrolls of revelation
 I - a scroll of silence
 L - a scroll of brand weapon
Potions
 c - 3 potions of invisibility
 k - 3 potions of heal wounds
 p - 3 potions of ambrosia
 t - 3 potions of haste
 A - 2 potions of might
 E - 3 potions of curing
 W - a potion of enlightenment
Miscellaneous
 K - a lightning rod (4/4)


   Skills:
 - Level 17.8 Fighting
 - Level 18.5 Axes
 - Level 16.6 Armour
 + Level 7.9 Dodging
 - Level 14.2 Shields
 * Level 6.2 Evocations


You had 16 spell levels left.
You didn't know any spells.
Your spell library was empty.

Dungeon Overview and Level Annotations

Branches:
Dungeon (12/15)            Temple (0/1) D:5            Lair (5/5) D:10
 Shoals (0/4) Lair:2       Spider (0/4) Lair:3        Slime (4/5) Lair:5
    Orc (2/2) D:12            Elf (0/3) Orc:2

Altars:
Ashenzari
Cheibriados
Elyvilon
Fedhas
Nemelex Xobeh
Okawaru
Ru
Trog
Uskayaw
Vehumet
Xom
Yredelemnul
Jiyva

Shops:
D:4 (   D:5 [   D:8 [   D:10 ?   D:11 [   D:12 [   Orc:2 (([=

Portals:
Trove: D:10 (give +7 demon blade)

Annotations:
D:12 1 runed translucent door, exclusion: ice statue
Lair:2 3 runed translucent doors, kalagan's ghost, journeyman DECj


Innate Abilities, Weirdness & Mutations

You have a pair of horns on your head.
You reflexively headbutt those who attack you in melee.
You are clumsy. (Dex -2)
Armour fits poorly on your strangely shaped body.
You occasionally shout uncontrollably at your foes.
You do not regenerate when monsters are visible.
You expend magic power (3 MP) to strengthen your wands.
You have hidden genetic defects.


Message History

The azure jelly misses you.
You miss the azure jelly.
The golden eye turns its gaze towards you.
You headbutt the azure jelly!
The azure jelly is almost dead.
You slice the golden eye!!
You kill the golden eye!
Trog accepts your kill.
You slice the golden eye!!
You kill the golden eye!
Trog accepts your kill. The golden eye blinks at you.
You resist with some effort. The golden eye blinks at you.
You resist with almost no effort. The azure jelly barely misses you. x2
The azure jelly hits you.
* * * LOW HITPOINT WARNING * * *
The azure jelly completely misses you.
Okay, then.
The golden eye blinks at you. You resist with almost no effort.
The golden eye blinks at you. You resist with almost no effort.
The golden eye blinks at you. You resist with some effort.
The azure jelly barely misses you. The azure jelly completely misses you.
The azure jelly hits you but does no damage. x2
Acid dripping from the walls corrodes you.
The golden eye blinks at you.
You easily resist.
You slice the golden eye!!
You kill the golden eye!
Trog accepts your kill.
You slash the azure jelly! The golden eye blinks at you.
You are more confused.
The azure jelly hits you.
* * * LOW HITPOINT WARNING * * *
The azure jelly freezes you!!
You die...

.#.........
#....#......
##........#.#
#............
##..>...G.#..#
#......#......
##............
#....J......#.
##....@....##
#....#.....#
##.####....#
#.. .....# ##.
.##.## ## ##
##


You could see an azure jelly and a golden eye.

Vanquished Creatures
  Rupert (D:12)
  3 acid blobs
  Gastronok (Orc:1)
  4 azure jellies
  A rockslime (Slime:2)
  2 orc warlords (Orc:1)
  4 quicksilver oozes
  Nessos (D:12)
  A dire elephant (Lair:5)
  2 great orbs of eyes (Slime:3)
  3 hydras
  3 catoblepae (Lair:5)
  5 boulder beetles
  3 two-headed ogres (D:11)
  11 death yaks
  Sonja (D:11)
  A fire crab (Lair:5)
  3 skysharks
  A sixfirhy (D:9)
  A glowing orange brain (Slime:2)
  A lindwurm (Lair:5)
  Pikel (D:7)
  2 deep elf pyromancers
  4 orc knights (Orc:2)
  2 orc sorcerers
  An ugly thing (D:11)
  11 elephants
  2 manticores (Lair:5)
  3 shining eyes
  A water nymph (Lair:2)
  2 black mambas
  10 kobold blastminers
  A cane toad (shapeshifter) (D:10)
  A gargoyle (D:12)
  7 cane toads
  An unseen horror (D:10)
  Maggie (Lair:2)
  8 komodo dragons
  A guardian mummy (D:10)
  An unseen horror zombie (D:8)
  4 rime drakes
  4 trolls
  5 polar bears
  22 blink frogs
  Grinder (D:4)
  A dream sheep (Lair:5)
  3 glass eyes
  28 slime creatures
  A wraith (D:12)
  2 shadows
  42 yaks
  2 vampires
  7 wyverns
  5 basilisks
  Eustachio (D:4)
  2 vampire mosquitoes (D:12)
  3 wargs
  8 golden eyes (Slime:3)
  3 steam dragons
  2 acid dragons
  Duvessa (D:5)
  18 water moccasins
  Pargi (D:4)
  33 orc warriors
  8 ice beasts (D:12)
  2 black bears
  11 ogres
  A sky beast (D:6)
  5 wolves (Lair:4)
  A phantom (D:5)
  A centaur (D:9)
  2 kobold brigands
  2 gnoll sergeants
  11 bullfrogs
  2 necrophages (D:8)
  A wyvern zombie (D:8)
  A scorpion (D:5)
  13 wights
  Dowan (D:5)
  4 howler monkeys
  3 centaur zombies (D:8)
  21 orc priests
  2 jellies
  A human zombie (D:8)
  3 gnoll boudas
  6 hounds
  2 sleepcaps
  Jessica (D:2)
  4 iguanas
  21 orc wizards
  3 mummies (D:8)
  A howler monkey zombie (D:8)
  22 gnolls
  6 adders
  4 white imps
  2 ufetubi (D:7)
  2 dart slugs (D:3)
  2 ribbon worms
  79 orcs
  10 ball pythons
  8 bats
  6 endoplasms
  2 giant cockroaches
  9 goblins
  8 hobgoblins
  6 jackals (D:4)
  5 quokkas
  2 frilled lizards (D:1)
  15 kobolds
  3 rats
637 creatures vanquished.

Vanquished Creatures (collateral kills)
  An orc warlord (Orc:2)
  An orc warrior (Orc:2)
  An orc priest (Orc:2)
  2 orcs (Orc:2)
5 creatures vanquished.

Vanquished Creatures (others)
  An orc (D:12)
1 creature vanquished.

Grand Total: 643 creatures vanquished

Notes
Turn   | Place    | Note
-------+----------+-------------------------------------------
     0 | D:1      | Violux the Minotaur Berserker began the quest for the Orb.
     0 | D:1      | Reached XP level 1. HP: 19/19 MP: 0/0
   154 | D:1      | Reached XP level 2. HP: 25/27 MP: 1/1
   270 | D:1      | Reached skill level 4 in Axes
   531 | D:1      | Reached XP level 3. HP: 33/33 MP: 2/2
   573 | D:1      | Reached ** piety under Trog
  1036 | D:2      | Found a faded altar of an unknown god.
  1067 | D:2      | Noticed Jessica
  1077 | D:2      | Killed Jessica
  1078 | D:2      | Reached XP level 4. HP: 40/40 MP: 3/3
  1281 | D:2      | You fall into a shaft and drop 2 floors!
  1303 | D:4      | Noticed Grinder
  1361 | D:4      | Noticed Pargi
  1380 | D:4      | Paralysed by Grinder for 4 turns
  1816 | D:3      | Found a white marble altar of Elyvilon.
  1831 | D:3      | Reached skill level 5 in Axes
  2340 | D:3      | Reached XP level 5. HP: 17/46 MP: 4/4
  2345 | D:3      | HP: 1/46 [poisoned by a gnoll]
  2350 | D:3      | HP: 2/46 [poisoned by a gnoll]
  2612 | D:3      | Found a broken altar of Ashenzari.
  2980 | D:4      | Noticed Eustachio
  2991 | D:4      | Killed Eustachio
  2992 | D:4      | Reached skill level 7 in Axes
  2992 | D:4      | Reached XP level 6. HP: 52/52 MP: 5/5
  3107 | D:4      | Found Yfyemef's Weapon Emporium.
  3128 | D:4      | Killed Pargi
  3129 | D:4      | Reached skill level 8 in Axes
  3221 | D:4      | Killed Grinder
  3222 | D:4      | Reached skill level 9 in Axes
  3222 | D:4      | Reached XP level 7. HP: 47/59 MP: 6/6
  3337 | D:4      | Found a sparkling altar of Nemelex Xobeh.
  3356 | D:4      | Found a shimmering altar of Xom.
  3615 | D:5      | Entered Level 5 of the Dungeon
  3690 | D:5      | Reached skill level 10 in Axes
  3738 | D:5      | Identified the ring "Tomiuw" {rPois Str+6 Int+4 Dex-5
                  | Slay+5}
  3769 | D:5      | Reached *** piety under Trog
  3868 | D:5      | Found a staircase to the Ecumenical Temple.
  3887 | D:5      | Reached skill level 11 in Axes
  3887 | D:5      | Reached XP level 8. HP: 61/66 MP: 7/7
  3958 | D:5      | Noticed Duvessa
  3963 | D:5      | Noticed Dowan
  3968 | D:5      | Killed Duvessa
  3975 | D:5      | Killed Dowan
  4125 | D:5      | Found Nyntac's Antique Armour Shop.
  4362 | D:5      | Reached skill level 12 in Axes
  4935 | D:6      | Reached skill level 13 in Axes
  5030 | D:6      | Found a blossoming altar of Fedhas.
  5719 | D:6      | Reached XP level 9. HP: 60/71 MP: 8/8
  6105 | D:7      | Reached skill level 14 in Axes
  6228 | D:7      | Found a bloodstained altar of Trog.
  6641 | D:7      | Reached skill level 15 in Axes
  6926 | D:7      | Noticed Pikel
  6939 | D:7      | Killed Pikel
  6940 | D:7      | Reached skill level 5 in Fighting
  6945 | D:7      | Reached **** piety under Trog
  6946 | D:7      | Reached skill level 16 in Axes
  7336 | D:8      | Reached XP level 10. HP: 81/83 MP: 9/9
  7578 | D:8      | Found a snail-covered altar of Cheibriados.
  7794 | D:8      | Found a basalt altar of Yredelemnul.
  7804 | D:8      | Reached skill level 17 in Axes
  8012 | D:8      | Found Wasurio's Antique Armour Shoppe.
  8602 | D:9      | Reached ***** piety under Trog
  8814 | D:9      | Found a sacrificial altar of Ru.
  9116 | D:9      | Found a runed translucent door.
  9116 | D:9      | Noticed a sixfirhy
  9134 | D:9      | Killed a sixfirhy
  9135 | D:9      | Reached skill level 5 in Armour
  9208 | D:10     | Entered Level 10 of the Dungeon
  9300 | D:10     | Reached XP level 11. HP: 82/97 MP: 10/10
  9388 | D:10     | Found an iron altar of Okawaru.
  9399 | D:10     | Found a radiant altar of Vehumet.
  9623 | D:10     | Found Garghi's Magic Scroll Emporium.
  9654 | D:10     | Bought a scroll of enchant weapon for 112 gold pieces
  9681 | D:10     | Found a staircase to the Lair.
  9768 | D:10     | Found a portal to a secret trove of treasure.
  9908 | D:10     | Found a hide-covered altar of Uskayaw.
  9998 | D:10     | Reached skill level 10 in Fighting
 10147 | D:10     | Noticed a deep elf pyromancer
 10161 | D:10     | Killed a deep elf pyromancer
 10528 | D:5      | Bought a glowing plate armour for 494 gold pieces
 10707 | D:11     | Noticed a two-headed ogre
 10707 | D:11     | Found a gate leading to a gauntlet.
 10713 | D:11     | Killed a two-headed ogre
 10899 | D:11     | Noticed a boulder beetle
 10915 | D:11     | Killed a boulder beetle
 10966 | D:11     | Found Imafuzuh's Armour Boutique.
 10966 | D:11     | Noticed a two-headed ogre
 10974 | D:11     | Killed a two-headed ogre
 11042 | D:11     | Noticed Sonja
 11051 | D:11     | Noticed a two-headed ogre
 11068 | D:11     | Killed Sonja
 11069 | D:11     | Reached skill level 10 in Armour
 11071 | D:11     | Killed a two-headed ogre
 11216 | D:11     | Noticed a boulder beetle
 11221 | D:11     | Killed a boulder beetle
 11232 | D:11     | Noticed a red ugly thing
 11241 | D:11     | Killed a red ugly thing
 11485 | D:12     | Found Ijeh's Antique Armour Shop.
 11569 | D:12     | Noticed a boulder beetle
 11588 | D:12     | Killed a boulder beetle
 11589 | D:12     | Reached XP level 12. HP: 109/112 MP: 11/11
 11733 | D:12     | Noticed Nessos
 11748 | D:12     | Killed Nessos
 11819 | D:12     | Found a staircase to the Orcish Mines.
 11942 | D:12     | Received a gift from Trog
 11969 | D:12     | Noticed a boulder beetle
 11980 | D:12     | Noticed Rupert
 11991 | D:12     | Killed Rupert
 11991 | D:12     | Killed a boulder beetle
 12066 | D:12     | Noticed an ettin
 12066 | D:12     | Noticed an ice dragon
 12066 | D:12     | Noticed a yaktaur captain
 12067 | D:12     | Found a runed translucent door.
 12069 | D:12     | Noticed a deep troll earth mage
 12069 | D:12     | Noticed a sphinx
 12069 | D:12     | Noticed a fire dragon
 12069 | D:12     | Noticed a fire giant
 12069 | D:12     | Noticed a fire giant
 12558 | D:12     | Bought a heavily runed cloak for 266 gold pieces
 12558 | D:12     | Identified the +1 cloak of Gluttony {rF+ Will- rCorr Dex+5}
                  | (You bought it in a shop on level 12 of the Dungeon)
 12679 | Lair:1   | Entered Level 1 of the Lair of Beasts
 13390 | Lair:2   | Identified the +3 whip "Naemo" {freeze, rElec rCorr}
 13462 | Lair:2   | Found a runed translucent gate.
 13481 | Lair:2   | Reached skill level 15 in Armour
 13481 | Lair:2   | Reached XP level 13. HP: 114/124 MP: 12/12
 13590 | Lair:2   | Noticed Maggie
 13601 | Lair:2   | Killed Maggie
 13955 | Lair:2   | Found a runed translucent gate.
 13955 | Lair:2   | Found a runed translucent gate.
 13957 | Lair:2   | Noticed kalagan's ghost (journeyman DECj)
 14289 | Lair:3   | Found a hole to the Spider Nest.
 15440 | Lair:4   | Found the +10 tower shield of Ignorance {rN+ Int-4}
 15538 | Lair:4   | Reached skill level 1 in Shields
 15653 | Lair:4   | Reached skill level 15 in Fighting
 15805 | Lair:4   | Identified the +5 ring mail of Lihuuv {rC- Str+5}
 16137 | Lair:5   | Entered Level 5 of the Lair of Beasts
 16166 | Lair:4   | Reached skill level 5 in Shields
 16393 | Lair:5   | Reached XP level 14. HP: 137/137 MP: 13/13
 16394 | Lair:5   | Reached skill level 10 in Shields
 16394 | Lair:5   | Reached XP level 15. HP: 145/145 MP: 14/14
 16395 | Lair:5   | Reached XP level 16. HP: 155/155 MP: 15/15
 16419 | Lair:5   | Found a staircase to the Slime Pits.
 16420 | Lair:5   | Found a viscous altar of Jiyva.
 16699 | Lair:5   | Reached XP level 17. HP: 161/161 MP: 16/16
 16842 | Lair:5   | Reached ****** piety under Trog
 16959 | Lair:5   | Identified the amulet "Qigiul" {Acrobat ^Drain rCorr Dex-3
                  | SInv}
 17067 | Lair:5   | Received a gift from Trog
 17848 | Orc:1    | Entered Level 1 of the Orcish Mines
 17972 | Orc:1    | Noticed Gastronok
 17982 | Orc:1    | Killed Gastronok
 18285 | Orc:2    | Entered Level 2 of the Orcish Mines
 18471 | Orc:2    | Found a staircase to the Elven Halls.
 18846 | Orc:2    | Reached skill level 18 in Axes
 18859 | Orc:2    | Reached skill level 5 in Dodging
 18883 | Orc:2    | Found Vemeilam's Antique Weapon Shop.
 18885 | Orc:2    | Found Juria's Antique Armour Boutique.
 18892 | Orc:2    | Bought an encrusted plate armour for 868 gold pieces
 18892 | Orc:2    | Identified the +5 plate armour of Dithmenos, Howling {rElec
                  | rPois Str-5} (You bought it in a shop on level 2 of the
                  | Orcish Mines)
 19124 | Orc:2    | Found Jouhah's Antique Weapon Emporium.
 19269 | Orc:2    | Found Xutun's Jewellery Shoppe.
 19272 | Orc:2    | Received a gift from Trog
 19570 | Slime:1  | Entered Level 1 of the Pits of Slime
 19583 | Slime:1  | Reached skill level 1 in Evocations
 19719 | Slime:2  | Noticed an acid blob
 19726 | Slime:1  | Killed an acid blob
 20143 | Slime:2  | Gained mutation: Armour fits poorly on your strangely
                  | shaped body. [a shining eye]
 20150 | Slime:2  | Gained mutation: You have hidden genetic defects. [a
                  | shining eye]
 20154 | Slime:2  | Gained mutation: You expend magic power (3 MP) to
                  | strengthen your wands. [a shining eye]
 20155 | Slime:2  | Gained mutation: You do not regenerate when monsters are
                  | visible. [a shining eye]
 20156 | Slime:2  | Gained mutation: You occasionally shout uncontrollably at
                  | your foes. [a shining eye]
 20246 | Slime:2  | Gained mutation: You are clumsy. (Dex -2) [a shining eye]
 20458 | Slime:3  | Reached skill level 5 in Evocations
 20509 | Slime:3  | Noticed an acid blob
 20515 | Slime:3  | Killed an acid blob
 20796 | Slime:3  | Noticed an acid blob
 20805 | Slime:3  | Killed an acid blob
 20813 | Slime:3  | Demolished by an azure jelly

Illustrated notes

Levels and vault maps discovered:
D:1:      grunt_arrival_lava_bath, layout_rooms, minmay_strange_pillars
D:2:      layout_loops_cross, shapermc_ecumenical_altar_totnotflames,
          kennysheep_generic_room_7, uniq_jessica
D:3:      layout_loops_corners, mainiacjoe_overflow_brackets, old_standard_altar
D:4:      layout_cave_pools, brannock_xom_greatest_gift,
          nemelex_xobeh_ov_fountains_minmay, serial_shops, shop, uniq_eustachio,
          uniq_grinder, uniq_pargi
D:5:      layout_basic, minmay_temple_entry_butterflies, serial_shops,
          nicolae_shop_real_fake_doors, grunt_ministairs_2, minivault_26,
          minmay_checkerbox, uniq_duvessa
D:6:      layout_basic, mainiacjoe_overflow_catwalk,
          mainiacjoe_sewer_entry_somewhere_in_here_2, nicolae_titane
D:7:      layout_gridville, lemuel_crystal_altar, uniq_pikel
D:8:      layout_basic, slow_altar_1, lemuel_mausoleum_altar_yredelemnul,
          serial_shops, shop
D:9:      cheibrodos_shockbox, layout_layer_cave, lemuel_doored_altar,
          hangedman_decor_riveting, hex_medium
D:10:     layout_loops_corners, nicolae_uskayaw_suspiria,
          amethyst_overflow_temple_binary, lair_entry_dummy, serial_shops,
          nicolae_shop_statue_plus, enter_bailey_4,
          nicolae_trove_entry_path_of_doom, chequers_serial_rivers_room_b,
          guppyfry_early_elven_hall
D:11:     layout_cross, gauntlet_entry_generic, serial_shops,
          nicolae_shop_advertising_works [nicolae_subvault_shop_adworks],
          uniq_sonja
D:12:     minmay_gate_of_8, layout_basic, hiddenorc1_lemuel, serial_shops,
          nicolae_shop_window_shopping, ice2_lemuel, uniq_rupert, uniq_nessos
Lair:1:   layout_concentric_octagons, chequers_serial_rivers_marsh,
          serial_bayou_pond_d, infiniplex_staircase_pool_2
Lair:2:   layout_concentric_octagons, nicolae_shoals_entry_flooding,
          ebering_ghost_rock_garden, uniq_maggie
Lair:3:   layout_cave_pods, spider_nest_entry_web_field, st_stairs_10,
          grunt_megastairs_4
Lair:4:   layout_regular_city, grunt_megastairs_3
Lair:5:   evilmike_catoblepas_cave, layout_regular_city, slime_entry_1,
          enter_volcano_2, minmay_shattered_shrine
Slime:1:  layout_caves, nicolae_slime_getting_an_eyeful
Slime:2:  layout_caves
Slime:3:  layout_caves, nicolae_slime_crime_time
Slime:4:  layout_caves, nicolae_slime_barrier
Orc:1:    layout_caves, blackcustard_rock_pile, uniq_gastronok
Orc:2:    grunt_orc_community_town_hall, layout_caves,
          grunt_orc_community_big_house_2, grunt_orc_community_big_house_1,
          grunt_orc_community_house_2, grunt_orc_community_house_2,
          grunt_orc_community_house_2, grunt_orc_community_house_2

Skill      XL: |  1  2  3  4  5  6  7  8  9 10 11 12 13 14 15 16 17 |
---------------+----------------------------------------------------+-----
Axes           | 4 5 7 9 11 13 16 17 18 | 18.5
Fighting       | 4 6 9 12 14 16 17 | 17.8
Armour         | 3 6 11 15 16 | 16.6
Dodging        | 3 7 |  7.9
Shields        | 8 10 12 14 | 14.2
Evocations     | 6 |  6.2

Action                     |  1- 3 |  4- 6 |  7- 9 | 10-12 | 13-15 | 16-18 || total
---------------------------+-------+-------+-------+-------+-------+-------++-------
  Melee: Hand axe          |    91 |    65 |    36 |       |       |       ||   192
         Headbutt          |    10 |    11 |    26 |    85 |    45 |   107 ||   284
         Punch             |       |     1 |     4 |     4 |     4 |       ||    13
         War axe           |       |       |   140 |    92 |       |   127 ||   359
         Broad axe         |       |       |       |   281 |   196 |   210 ||   687
         Great mace        |       |       |       |       |       |    70 ||    70
  Throw: Stone             |       |    21 |    19 |    18 |     8 |       ||    66
 Invoke: Berserk           |     1 |     3 |     2 |     8 |       |     4 ||    18
         Trog's Hand       |     1 |     1 |     4 |     6 |     1 |     6 ||    19
         Brothers in Arms  |       |       |       |       |       |     1 ||     1
  Evoke: Wand              |       |       |     2 |       |     2 |     1 ||     5
    Use: Scroll            |     5 |     4 |     8 |    10 |     6 |     6 ||    39
         Potion            |       |       |       |       |     3 |       ||     3
 Armour: Animal skin       |    23 |       |       |       |       |       ||    23
         Ring mail         |    35 |    68 |   133 |    20 |       |       ||   256
         Scale mail        |       |       |       |   114 |       |       ||   114
         Plate armour      |       |       |       |   129 |   138 |   228 ||   495
  Dodge: Dodged            |    58 |    55 |    67 |   141 |    81 |   149 ||   551
  Block: Tower shield      |       |       |       |       |    91 |   467 ||   558
   Form: Beast             |     1 |       |       |       |       |       ||     1
                           |       |     1 |       |       |       |       ||     1
